 Dungeon Crawl Stone Soup version 0.17.0-28-g6e173f8 (webtiles) character file.

72 coffecat the Conjurer (level 3, -3/26 HPs)
             Began as a Demigod Conjurer on Nov 26, 2015.
             Killed by nerve-wracking pain
             ... invoked by a shadow imp
              (13 damage)
             ... on level 5 of the Dungeon.
             The game lasted 00:06:11 (1539 turns).

coffecat the Conjurer (Demigod Conjurer)            Turns: 1539, Time: 00:06:19

Health: -3/26      AC:  5    Str: 11    XL:     3   Next: 80%
Magic:  0/9        EV: 11    Int: 21    God:
Gold:   4          SH:  0    Dex: 16    Spells: 2 memorised, 3 levels left

rFire  . . .     SeeInvis .     e - +0 falchion
rCold  . . .     Clarity  .     f - +0 ring mail
rNeg   . . .     SustAt   +     (no shield)
rPois  .         Gourm    .     (no helmet)
rElec  .         Spirit   .     (no cloak)
rCorr  .         Warding  .     (no gloves)
rMut   .         Stasis   .     (no boots)
MR     .....                    (no amulet)
Stlth  +.........               (no ring)
                                (no ring)

@: lethally poisoned (-3 -> -7), very slightly contaminated, not resistant to
hostile enchantments, very unstealthy
A: high mp 1, sustain attributes
a: no special abilities


You were on level 5 of the Dungeon.
You were not hungry.

You visited 1 branch of the dungeon, and saw 4 of its levels.

You collected 4 gold pieces.

Inventory:

Hand Weapons
 e - a +0 falchion (weapon)
Armour
 a - a +0 robe
 f - a +0 ring mail (worn)
Scrolls
 d - a scroll of teleportation {unknown}
 g - a scroll of random uselessness {unknown}
 i - a scroll of fear {unknown}
 l - a scroll of remove curse {unknown}
Potions
 c - a potion of curing {unknown}
 h - a potion of poison {unknown}
 j - 2 potions of heal wounds {unknown}
Books
 b - a book of Conjurations

   Spells                             Type                      Level
   a - Magic Dart                     Conjuration                  1
   b - Searing Ray                    Conjuration                  2
   c - Dazzling Spray                 Conjuration/Hexes            3
   d - Fulminant Prism                Conjuration/Hexes            4
   e - Iskenderun's Mystic Blast      Conjuration                  4
   f - Iskenderun's Battlesphere      Conjuration/Charms           5
Comestibles
 k - 2 bread rations


   Skills:
 + Level 1.0 Armour
 + Level 2.2 Dodging
 + Level 1.8 Stealth
 + Level 2.2 Spellcasting
 + Level 4.4 Conjurations


You had 3 spell levels left.
You knew the following spells:

 Your Spells              Type           Power        Failure   Level  Hunger
a - Magic Dart            Conj           ###.         8%          1    #......
b - Searing Ray           Conj           ###...       12%         2    ##.....


Dungeon Overview and Level Annotations

Branches:
Dungeon (5/15)
 Temple: D:4-7


Innate Abilities, Weirdness & Mutations

You have an increased reservoir of magic (+10% MP).
Your attributes are resistant to harm.


Message History

Aiming: Searing Ray
Press: ? - help, Shift-Dir - straight line, f/p - adder
Aim: an adder (heavily wounded)
You miscast Searing Ray.
You smell something strange.
The adder bites you.
You are poisoned.
The adder poisons you! The shadow imp gestures at you.
You barely resist. The adder barely misses you.
Your ring mail prevents you from hitting the adder.
The adder is heavily wounded.
You feel sick. The shadow imp gestures at you. Pain shoots through your body!
The adder bites you but does no damage.
You slash the adder!
You kill the adder!
Your Armour skill increases to level 1!
The shadow imp gestures at you. Pain shoots through your body!
Ouch! That really hurt!
You die...

........... .........
... ............
####.....##....
#########..............
..............#........
............5..........
...........@.......)...
.......................
.......#..).....#.#####
.......#...##.#.# ..
.......######.#... ...
....... ..##.......
....... ...+ .......
....... ....# ..##.S.
#...### .....# #.# .


You could see a shadow imp.

Vanquished Creatures
  3 adders
  A worker ant zombie (D:5)
  An ooze (D:2)
  A worm (D:2)
  A giant gecko (D:5)
  An orc (D:5)
  3 bats (D:1)
  A giant cockroach (D:3)
  2 goblins
  4 hobgoblins
  2 jackals (D:2)
  A kobold (D:3)
  A giant newt (D:2)
  A rat (D:2)
23 creatures vanquished.

Notes
Turn   | Place    | Note
--------------------------------------------------------------
     0 | D:1      | coffecat the Demigod Conjurer began the quest for the Orb.
     0 | D:1      | Reached XP level 1. HP: 14/14 MP: 5/5
   128 | D:1      | Reached skill level 4 in Conjurations
   128 | D:1      | Reached XP level 2. HP: 12/20 MP: 0/7
   347 | D:1      | Learned a level 2 spell: Searing Ray
   493 | D:2      | Found a shadowy altar of Dithmenos.
   871 | D:2      | Reached XP level 3. HP: 18/26 MP: 1/8
  1279 | D:3      | You fall through a shaft for 2 floors!
  1279 | D:5      | Entered Level 5 of the Dungeon
  1539 | D:5      | Reached skill level 1 in Armour
  1539 | D:5      | Killed from afar by a shadow imp

Action                   || total
-------------------------++-------
Melee: Unarmed           ||     3
       Falchion          ||    29
 Cast: Magic Dart        ||    38
       Searing Ray       ||    11
  Eat: Bread ration      ||     1
